 Dungeon Crawl Stone Soup version 0.26-a0-738-g91b530ce93 (webtiles) character file.

Game seed: 10521906506246606574

81 Queen the Skirmisher (level 4, 0/50 HPs)
             Began as an Ogre Delver on Nov 5, 2020.
             Slain by an adder (1 damage)
             ... on level 1 of the Dungeon.
             The game lasted 00:05:25 (2602 turns).

Queen the Skirmisher (Ogre Delver)                  Turns: 2602, Time: 00:05:26

Health: 0/50       AC:  3    Str: 17    XL:     4   Next: 42%
Magic:  4/4        EV: 10    Int: 11    God:
Gold:   71         SH:  0    Dex: 10    Spells: 3/3 levels left

rFire    x . .     SeeInvis .   a - +0 hand axe
rCold    + . .     Faith    .   (no shield)
rNeg     . . .     Spirit   .   b - +0 robe
rPois    .         Reflect  .   (helmet restricted)
rElec    .         Harm     .   (no cloak)
rCorr    .         Rampage  .   (gloves unavailable)
MR       .....                  (boots unavailable)
Stlth    ++........             j - amulet of inaccuracy (curse)
HPRegen  0.16/turn              i - ring of ice
MPRegen  0.09/turn              (no ring)

@: lethally poisoned (0 -> -2)
A: large, unfitting armour, tough skin 1
a: no special abilities


You were on level 1 of the Dungeon.
You visited 1 branch of the dungeon, and saw 5 of its levels.

You collected 71 gold pieces.

Inventory:

Hand Weapons
 a - a +0 hand axe (weapon)
Armour
 b - a +0 robe (worn)
Jewellery
 i - a ring of ice (left hand)
 j - a cursed amulet of inaccuracy (around neck)
Wands
 g - a wand of digging (3)
Scrolls
 c - a scroll of fog
 d - a scroll of magic mapping
 e - a scroll of fear
Potions
 f - 3 potions of haste
 h - a potion of berserk rage
 k - a potion of curing {unknown}


   Skills:
 * Level 5.5 Fighting
 + Level 2.5 Axes
 + Level 2.2 Dodging
 - Level 4.0 Stealth


You had 3 spell levels left.
You didn't know any spells.
Your spell library was empty.

Dungeon Overview and Level Annotations

Branches:
Dungeon (5/15)
 Temple: D:4-7

Altars:
Yredelemnul

Annotations:
D:2 Robin, Terence


Innate Abilities, Weirdness & Mutations

You are too large for most types of armour.
You have tough skin. (AC +1)


Message History

The adder bites you but does no damage. The adder bites you.
* * * LOW HITPOINT WARNING * * *
You hit the adder.
The adder is moderately wounded.
The adder bites you but does no damage. The adder bites you.
* * * LOW HITPOINT WARNING * * *
You are lethally poisoned!
The adder poisons you!
You miss the adder.
The adder is moderately wounded.
* * * LOW HITPOINT WARNING * * *
You feel sick. The adder closely misses you.
You hit the adder.
The adder is severely wounded.
The adder misses you. The adder completely misses you.
You miss the adder.
The adder is severely wounded.
The adder bites you.
You die...

###.######)##.##.......# #
#.......(..##.##.#####.# #
#.######.####.##.# #.# #.#
####.## #.##.# ###.#### #.#
#.....# #.##.###......# #.#
#.##..###.##.......##.#
#.###.##..##...#.###...##.#
#.........#......###>..##.#
#####.###....S@...)....##.###
#.....# #####.##(####.###.#.##
#.##### #.##.# #.# #....## #.#
#.##.####.###.....# #.#
##'##......##....... #.#
##...##########.....# #.###
##.....##########...## ###.#.###
##.......##.....###.###
#.......###.........).......#.###


You could see an adder.

Vanquished Creatures
  A worker ant (D:5)
  An adder (D:4)
  A gnoll (D:1)
  A leopard gecko (D:3)
  A giant cockroach (D:1)
  9 goblins (D:2)
  9 hobgoblins
  A kobold (D:1)
  A quokka (D:5)
  A ball python (D:2)
  3 bats
  A frilled lizard (D:1)
  A quokka zombie (D:5)
  4 rats (D:1)
35 creatures vanquished.

Notes
Turn   | Place    | Note
-------+----------+-------------------------------------------
     0 | D:5      | Queen the Ogre Delver began the quest for the Orb.
     0 | D:5      | Reached XP level 1. HP: 24/24 MP: 1/1
    42 | D:5      | Found a basalt altar of Yredelemnul.
   164 | D:5      | Noticed an orc wizard
   234 | D:5      | Noticed a worker ant
   248 | D:5      | Killed a worker ant
   248 | D:5      | Reached XP level 2. HP: 20/33 MP: 2/2
   248 | D:5      | Reached XP level 3. HP: 25/41 MP: 3/3
   400 | D:5      | Noticed an ogre
   411 | D:4      | Reached skill level 5 in Fighting
  1055 | D:1      | Reached XP level 4. HP: 41/50 MP: 4/4
  2151 | D:2      | Noticed Terence
  2547 | D:2      | Noticed Robin
  2599 | D:1      | HP: 1/50 [adder (2)]
  2602 | D:1      | Slain by an adder

Illustrated notes

Levels and vault maps discovered:
D:1:      lemuel_arrival_hallway, layout_loops_corners, minmay_cupped
D:2:      layout_basic, uniq_crazy_yiuf_cottage, uniq_terence, uniq_robin
D:3:      layout_rooms
D:4:      layout_basic, kennysheep_mini, kennysheep_little_box, tso_oasis_becter
D:5:      layout_basic, gammafunk_temple_overflow_wave,
          minmay_temple_entry_trees, basic_altar, ebering_ghost_rock_garden,
          chequers_serial_rivers_micro_b, minmay_misc_feat_rows

Skill      XL: |  1  2  3 |
---------------+----------+-----
Stealth        | 4 |  4.0
Fighting       | 5 |  5.5
Dodging        | 2 |  2.2
Axes           | |  2.5

Action                   |  1- 3 |  4- 6 || total
-------------------------+-------+-------++-------
Melee: Hand axe          |    62 |    64 ||   126
  Use: Scroll            |       |     3 ||     3
 Stab: Sleeping          |     1 |     2 ||     3
Armor: Robe              |    15 |    22 ||    37
Dodge: Dodged            |    35 |    45 ||    80

Table legend: (Time is in decaauts)
 A = Elapsed time spent in this place.
 B = Non-inter-level travel time spent in this place.
 C = Inter-level travel time spent in this place.
 D = Time resting spent in this place.
 E = Time spent auto-exploring this place.
 F = Levels seen in this place.
 G = Mean time per level.
                   A        B        C        D        E       F      G
               +--------+--------+--------+--------+--------+-----+--------+
         Total |   2625 |   2600 |     25 |    557 |   1523 |   5 |  525.0 |
       Dungeon |   2625 |   2600 |     25 |    557 |   1523 |   5 |  525.0 |
               +--------+--------+--------+--------+--------+-----+--------+

Top non-repeatable levels by time:
     D:1: 1307 daAuts
     D:2: 737 daAuts
     D:5: 409 daAuts
     D:3: 114 daAuts
     D:4: 56 daAuts
